 Dungeon Crawl Stone Soup version 0.18-a0-1805-g8ab820f (webtiles) character file.

62 Slimper123 the Chiller (level 3, -9/27 HPs)
             Began as a Draconian Ice Elementalist on Apr 25, 2016.
             Killed by nerve-wracking pain
             ... invoked by an orc priest
              (12 damage)
             ... on level 3 of the Dungeon.
             The game lasted 00:34:51 (2541 turns).

Slimper123 the Chiller (Draconian Ice Elementalist) Turns: 2541, Time: 00:34:52

Health: -9/27      AC:  5    Str: 10    XL:     3   Next: 85%
Magic:  7/7        EV:  7    Int: 16    God:
Gold:   128        SH:  0    Dex: 11    Spells: 3 memorised, 2 levels left

rFire  . . .     SeeInvis .     n - +0 dagger
rCold  . . .     Gourm    .     (armour unavailable)
rNeg   . . .     Faith    .     (no shield)
rPois  .         Spirit   .     (helmet restricted)
rElec  .         Dismiss  .     (no cloak)
rCorr  .         Reflect  .     (no gloves)
SustAt .         Harm     .     (no boots)
MR     .....                    (no amulet)
Stlth  ++........               (no ring)
                                (no ring)

@: not resistant to hostile enchantments, unstealthy
A: unfitting armour, cold-blooded, AC +5
a: no special abilities


You were on level 3 of the Dungeon.
You were not hungry.

You visited 1 branch of the dungeon, and saw 3 of its levels.

You collected 128 gold pieces.

Inventory:

Hand Weapons
 g - a +0 club
 k - a +0 hunting sling
 n - a +0 dagger (weapon)
Missiles
 e - 17 poisoned needles
 j - 25 bolts
 m - 3 stones (quivered)
Armour
 c - a +0 leather armour
 l - a +0 robe
Jewellery
 o - an uncursed amulet of rage {unknown}
Potions
 d - 2 potions of flight {unknown}
 f - a potion of heal wounds {unknown}
Books
 a - a book of Frost

   Spells                             Type                      Level
   a - Freeze                         Ice                          1
   b - Throw Frost                    Conjuration/Ice              2
   c - Ozocubu's Armour               Charms/Ice                   3
   d - Throw Icicle                   Conjuration/Ice              4
   e - Summon Ice Beast               Ice/Summoning                4
Comestibles
 b - a bread ration
 h - 4 chunks of flesh
 i - 3 inedible chunks of flesh


   Skills:
 - Level 0.4 Fighting
 - Level 0.2 Short Blades
 - Level 2.2 Dodging
 - Level 1.8 Stealth
 - Level 0.2 Unarmed Combat
 - Level 3.1 Spellcasting
 - Level 1.0 Conjurations
 + Level 3.3 Ice Magic


You had 2 spell levels left.
You knew the following spells:

 Your Spells              Type           Power        Failure   Level  Hunger
a - Freeze                Ice            ##..         6%          1    None
b - Throw Frost           Conj/Ice       #.....       14%         2    ##.....
c - Ozocubu's Armour      Chrm/Ice       #.......     34%         3    ###....


Dungeon Overview and Level Annotations

Branches:
Dungeon (3/15)

Altars:
Gozag
Pakellas


Innate Abilities, Weirdness & Mutations

Your plain brown scales are hard (AC +5).
Your body does not fit into most forms of armour.
You are cold-blooded and may be slowed by cold attacks.


Message History

Beogh smites you!
Some of the chunks of flesh in your inventory have rotted away.
The hobgoblin barely misses you.
The orc priest invokes the aid of Beogh against you.
Pain shoots through your body!
* * * LOW HITPOINT WARNING * * *
The hobgoblin hits you with a club.
* * * LOW HITPOINT WARNING * * *
An orc comes into view. It is wielding a hand axe.
The hobgoblin hits you with a club.
* * * LOW HITPOINT WARNING * * *
2 orcs come into view.
You see here 18 gold pieces.
The orc priest closely misses you. The hobgoblin misses you.
The orc moves out of view.
There is a stone staircase leading up here.
The orc shouts!
The orc priest invokes the aid of Beogh against you.
Pain shoots through your body!
You die...

.S... .o. ..)..#
..###
......####o..
.S....#.....
........##.###.#
..............
#....#..#..##
........o@$.###
.######.#g....#
#.....#...#
####...##...
#.(.# ## ###.#
... .#.# .#...


You could see an orc priest, 2 orcs and a hobgoblin.

Vanquished Creatures
  A worm (D:2)
  2 dart slugs
  3 giant geckos
  3 bats (D:1)
  2 giant cockroaches (D:1)
  5 goblins
  8 hobgoblins
  12 jackals
  2 kobolds (D:2)
  5 rats
43 creatures vanquished.

Notes
Turn   | Place    | Note
--------------------------------------------------------------
     0 | D:1      | Slimper123 the Draconian Ice Elementalist began the quest for the Orb.
     0 | D:1      | Reached XP level 1. HP: 14/14 MP: 3/3
   480 | D:1      | Reached XP level 2. HP: 20/20 MP: 5/5
   485 | D:1      | Learned a level 2 spell: Throw Frost
  1247 | D:1      | Reached XP level 3. HP: 24/27 MP: 1/6
  1274 | D:1      | Learned a level 3 spell: Ozocubu's Armour
  1538 | D:2      | Found an oddly glowing altar of Pakellas.
  1773 | D:2      | Found an opulent altar of Gozag.
  2541 | D:3      | Killed from afar by an orc priest

Vault maps used:
D:1:      dpeg_arrival_castle
D:2:      grunt_pakellas_basics, roderic_filled_cross, grunt_gozag_breadcrumbs,
          uniq_jessica
D:3:      minmay_surrounded, uniq_grinder

Skill      XL: |  1  2  3 |
---------------+----------+-----
Dodging        | 2 |  2.2
Spellcasting   | 3 |  3.1
Fighting       | |  0.4
Short Blades   | |  0.2
Stealth        | |  1.8
Unarmed Combat | |  0.2
Conjurations   | |  1.0
Ice Magic      | |  3.3

Action                   || total
-------------------------++-------
Melee: Unarmed           ||    84
       Tailslap          ||    16
       Dagger            ||   175
       Punch             ||     1
 Cast: Freeze            ||    17
       Throw Frost       ||    14
       Ozocubu's Armour  ||     3
  Use: Scroll            ||     3
 Stab: Sleeping          ||     1
  Eat: Chunk             ||     6
       Pizza             ||     1
Armor: Skin              ||   116
Dodge: Dodged            ||   212
